 Dungeon Crawl Stone Soup version 0.25.0-11-g1f837a76a1 (webtiles) character file.

Game seed: 12605767269781406491

544149 grindst0ne the Wrestler (level 25, -9/256 HPs)
             Began as a Troll Assassin on June 26, 2020.
             Was the Champion of Kikubaaqudgha.
             Killed from afar by an iron dragon (42 damage)
             ... with a spray of metal splinters
             ... on level 5 of the Vaults.
             The game lasted 03:44:25 (72623 turns).

grindst0ne the Wrestler (Troll Assassin)           Turns: 72623, Time: 03:44:25

Health: -9/256     AC: 27    Str: 32    XL:     25   Next: 35%
Magic:  0/28       EV:  8    Int: 15    God:    Kikubaaqudgha [******]
Gold:   3291       SH: 21    Dex:  7    Spells: 5/33 levels left

rFire    + + +     SeeInvis +     - Unarmed
rCold    + . .     Gourm    +   D - +0 tower shield
rNeg     + + .     Faith    .   u - +0 gold dragon scales
rPois    +         Spirit   +   (helmet restricted)
rElec    +         Reflect  .   H - +1 cloak "Rales" {rF++}
rCorr    .         Harm     .   (gloves unavailable)
MR       +++..                  (boots unavailable)
Stlth    ..........             s - amulet of Circularity {Spirit *Contam rPois MR+ Str+2}
HPRegen  0.92/turn              t - ring of Nyalolan {rF+ rN+ MR+}
MPRegen  0.21/turn              n - ring "Yngext" {rElec rN+ Str+4 Dex-2 SInv}

@: very slightly contaminated, studying Shields, invisible
A: large, unfitting armour, claws 3, clumsy 1, fast metabolism 3, gourmand,
regeneration 1, shaggy fur 1, tough skin 3
}: 2/15 runes: serpentine, barnacled
a: Receive Corpses, Torment, Renounce Religion


You were on level 5 of the Vaults.
You worshipped Kikubaaqudgha.
Kikubaaqudgha was exalted by your worship.
You were full.

You visited 10 branches of the dungeon, and saw 48 of its levels.
You visited 1 bazaar.
You also visited: Bailey, Gauntlet, Volcano and Wizlab.

You collected 7725 gold pieces.
You spent 4434 gold pieces at shops.

Inventory:

Missiles
 N - 4 throwing nets
 U - 107 large rocks (quivered)
Armour
 c - +0 ice dragon scales
 p - a +1 cloak of magic resistance
 u - +0 gold dragon scales (worn)
 D - a +0 tower shield (worn)
 H - the +1 cloak "Rales" (worn) {rF++}
   (You found it on level 3 of the Elven Halls)

   It greatly protects you from fire.
 K - a scarf of repulsion
 V - +0 fire dragon scales
 W - +0 shadow dragon scales
Jewellery
 b - an uncursed ring of protection from cold
 k - the ring "Rohu" {rPois rF+ Dex+3}
   (You found it in a Gauntlet)

   [ring of protection from fire]

   It affects your dexterity (+3).
   It protects you from fire.
   It protects you from poison.
 n - the ring "Yngext" (right claw) {rElec rN+ Str+4 Dex-2 SInv}
   (You found it on level 10 of the Dungeon)

   [ring of see invisible]

   It affects your strength (+4).
   It affects your dexterity (-2).
   It insulates you from electricity.
   It protects you from negative energy.
   It lets you see invisible.
 s - the amulet of Circularity (around neck) {Spirit *Contam rPois MR+ Str+2}
   (You found it on level 4 of the Dungeon)

   [amulet of guardian spirit]

   It causes incoming damage to be split between your health and magic.
   It affects your strength (+2).
   It protects you from poison.
   It affects your resistance to hostile enchantments.
   It causes magical contamination when unequipped.
 t - the ring of Nyalolan (left claw) {rF+ rN+ MR+}
   (You found it on level 3 of the Crypt)

   [ring of positive energy]

   It protects you from fire.
   It protects you from negative energy.
   It affects your resistance to hostile enchantments.
 v - the ring of Doehucs {rElec rCorr Str+4}
   (You found it in a wizard's laboratory)

   [ring of resist corrosion]

   It affects your strength (+4).
   It insulates you from electricity.
   It provides partial protection from all sources of acid and corrosion.
 A - the amulet of the Middle {Reflect rElec rF- rN+++ Str-2 SH+5}
   (You found it on level 2 of the Elven Halls)

   [amulet of reflection]

   It shields you and reflects attacks.
   It affects your strength (-2).
   It makes you vulnerable to fire.
   It insulates you from electricity.
   It renders you almost immune to negative energy.
   It affects your SH (+5).
 F - the ring of Adehuedi {rC+ Dex+4 SInv}
   (You bought it in a shop on level 1 of the Depths)

   [ring of see invisible]

   It affects your dexterity (+4).
   It protects you from cold.
   It lets you see invisible.
 J - an uncursed ring of wizardry
 T - the ring "Yqaff" {+Fly rElec rN+ Dex-2}
   (You bought it in a shop on level 1 of the Depths)

   [ring of positive energy]

   It affects your dexterity (-2).
   It insulates you from electricity.
   It protects you from negative energy.
   It lets you fly.
 Y - an uncursed ring of protection from fire
Wands
 r - a wand of paralysis (7)
 E - a wand of clouds (3)
 O - a wand of digging (15)
 Q - a wand of acid (7)
Scrolls
 a - 7 scrolls of amnesia
 d - a scroll of identify
 g - 10 scrolls of magic mapping
 i - 19 scrolls of remove curse
 y - 5 scrolls of fog
 z - 5 scrolls of summoning
 P - 3 scrolls of teleportation
 S - 8 scrolls of enchant armour
Potions
 j - 22 potions of mutation
 m - a potion of resistance
 q - 2 potions of flight
 B - 6 potions of cancellation
 M - 3 potions of brilliance
 R - a potion of berserk rage
 Z - a potion of magic
Books
 o - a manual of Shields
Miscellaneous
 C - a phantom mirror
 G - a lightning rod (4/4)
 I - 4 boxes of beasts
 X - a tin of tremorstones (3/3)
Comestibles
 f - 73 rations


   Skills:
 - Level 16.0 Fighting
   Level 1.5 Short Blades
 - Level 1.7 Throwing
 - Level 16.0 Armour
 - Level 10.3 Dodging
 - Level 2.1 Stealth
 - Level 15.0 Shields
 * Level 24.1 Unarmed Combat
 + Level 4.5 Spellcasting
 - Level 3.0 Charms
 + Level 15.0 Necromancy
 + Level 3.2 Transmutations
 - Level 5.0 Evocations


You had 5 spell levels left.
You knew the following spells:

 Your Spells              Type           Power        Failure   Level  Hunger
a - Corpse Rot            Necr/Air       N/A          14%         2    ##.....
b - Song of Slaying       Chrm           ##......     67%         2    ##.....
c - Necromutation         Tmut/Necr      ####......   100%        8    #######
d - Vampiric Draining     Necr           #####.....   1%          3    ###....
e - Dispel Undead         Necr           #####...     4%          4    ####...
f - Blink                 Tloc           N/A          97%         2    ##.....
g - Animate Skeleton      Necr           N/A          1%          1    None
h - Death Channel         Necr           #####.....   54%         6    #######

Your spell library contained the following spells:

 Spells                   Type           Power        Failure   Level  Hunger
 Pain                     Necr           ####         1%          1    None
 Sublimation of Blood     Necr           #####.....   1%          2    ##.....
 Animate Dead             Necr           N/A          4%          4    ####...
 Agony                    Necr           #####...     12%         5    ######.
 Beastly Appendage        Tmut           ##....       50%         1    None
 Infusion                 Chrm           ##..         52%         1    None
 Sticks to Snakes         Tmut           ##......     63%         2    ##.....
 Sting                    Tmut/Pois      #...         71%         1    None
 Excruciating Wounds      Chrm/Necr      ####......   82%         5    ######.
 Passwall                 Tmut/Erth      #.......     85%         2    ##.....
 Shroud of Golubria       Chrm/Tloc      #.....       86%         2    ##.....
 Swiftness                Chrm/Air       #.......     86%         2    ##.....
 Apportation              Tloc           #.....       91%         1    None
 Corona                   Hex            #......      91%         1    None
 Foxfire                  Conj/Fire      #...         91%         1    None
 Magic Dart               Conj           #...         91%         1    None
 Sandblast                Erth           #.....       91%         1    None
 Summon Small Mammal      Summ           #...         91%         1    None
 Call Imp                 Summ           #.......     97%         2    ##.....
 Ensorcelled Hibernation  Hex/Ice        #.....       97%         2    ##.....
 Poisonous Vapours        Pois/Air       #.....       97%         2    ##.....
 Searing Ray              Conj           #.....       97%         2    ##.....
 Slow                     Hex            #.......     97%         2    ##.....
 Spider Form              Tmut/Pois      #.........   97%         3    ###....
 Ozocubu's Armour         Chrm/Ice       #.......     98%         3    ###....
 Spectral Weapon          Hex/Chrm       #.......     98%         3    ###....
 Call Canine Familiar     Summ           #.......     99%         3    ###....
 Confusing Touch          Hex            #.......     99%         3    ###....
 Conjure Flame            Conj/Fire      #.......     99%         3    ###....
 Dazzling Flash           Conj/Hex       #.....       99%         3    ###....
 Gell's Gravitas          Tloc           #.........   99%         3    ###....
 Ignite Poison            Fire/Tmut/Pois #.......     99%         3    ###....
 Inner Flame              Hex/Fire       #.......     99%         3    ###....
 Lesser Beckoning         Tloc           #.........   99%         3    ###....
 Mephitic Cloud           Conj/Pois/Air  #.......     99%         3    ###....
 Portal Projectile        Hex/Tloc       #.....       99%         3    ###....
 Recall                   Summ/Tloc      N/A          99%         3    ###....
 Static Discharge         Conj/Air       #.......     99%         3    ###....
 Stone Arrow              Conj/Erth      #.....       99%         3    ###....
 Summon Guardian Golem    Hex/Summ       #.......     99%         3    ###....
 Teleport Other           Tloc           #.......     99%         3    ###....
 Tukima's Dance           Hex            #.......     99%         3    ###....
 Cause Fear               Hex            #.........   100%        4    ####...
 Fulminant Prism          Conj/Hex       #.........   100%        4    ####...
 Ice Form                 Ice/Tmut       #.......     100%        4    ####...
 Iskenderun's Mystic Bla  Conj/Tloc      #.......     100%        4    ####...
 Leda's Liquefaction      Hex/Erth       #.........   100%        4    ####...
 Olgreb's Toxic Radiance  Pois           #.......     100%        4    ####...
 Passage of Golubria      Tloc           N/A          100%        4    ####...
 Petrify                  Tmut/Erth      #.......     100%        4    ####...
 Sticky Flame             Conj/Fire      #.......     100%        4    ####...
 Summon Ice Beast         Ice/Summ       #.......     100%        4    ####...
 Summon Lightning Spire   Summ/Air       #.......     100%        4    ####...
 Alistair's Intoxication  Tmut/Pois      #.......     100%        5    ######.
 Aura of Abjuration       Summ           #.........   100%        5    ######.
 Blade Hands              Tmut           ##........   100%        5    ######.
 Fireball                 Conj/Fire      #.........   100%        5    ######.
 Irradiate                Conj/Tmut      #.........   100%        5    ######.
 Lee's Rapid Deconstruct  Erth           #.........   100%        5    ######.
 Lightning Bolt           Conj/Air       #.........   100%        5    ######.
 Silence                  Hex/Air        #.........   100%        5    ######.
 Summon Demon             Summ           #.........   100%        5    ######.
 Summon Forest            Summ/Tloc      #.........   100%        5    ######.
 Summon Mana Viper        Hex/Summ       #.......     100%        5    ######.
 Yara's Violent Unravell  Hex/Tmut       #.........   100%        5    ######.
 Darkness                 Hex            #.........   100%        6    #######
 Eringya's Noxious Bog    Tmut/Pois      #.........   100%        6    #######
 Freezing Cloud           Conj/Ice/Air   #.........   100%        6    #######
 Hydra Form               Tmut           ##........   100%        6    #######
 Invisibility             Hex            #.......     100%        6    #######
 Shadow Creatures         Summ           N/A          100%        6    #######
 Statue Form              Tmut/Erth      #........    100%        6    #######
 Dragon Form              Tmut           ##........   100%        7    #######
 Haunt                    Necr/Summ      ####......   100%        7    #######
 Malign Gateway           Summ/Tloc      #.........   100%        7    #######
 Orb of Destruction       Conj           #.........   100%        7    #######
 Ring of Flames           Chrm/Fire      #.........   100%        7    #######
 Spellforged Servitor     Conj/Summ      #.........   100%        7    #######
 Summon Hydra             Summ           #.........   100%        7    #######
 Borgnjor's Revivificati  Necr           #####.....   100%        8    #######
 Chain Lightning          Conj/Air       #.........   100%        8    #######
 Controlled Blink         Tloc           N/A          100%        8    #######
 Death's Door             Chrm/Necr      ####......   100%        8    #######
 Discord                  Hex            #.........   100%        8    #######
 Ignition                 Fire           #.........   100%        8    #######
 Infestation              Necr           #####.....   100%        8    #######
 Lehudib's Crystal Spear  Conj/Erth      #.........   100%        8    #######
 Absolute Zero            Ice            #.........   100%        9    #######
 Fire Storm               Conj/Fire      #.........   100%        9    #######
 Shatter                  Erth           #.........   100%        9    #######
 Tornado                  Air            #.........   100%        9    #######


Dungeon Overview and Level Annotations

Branches:
Dungeon (15/15)            Temple (0/1) D:6            Lair (6/6) D:10
 Shoals (4/4) Lair:4        Snake (4/4) Lair:3        Slime (0/5) Lair:6
    Orc (2/2) D:12            Elf (3/3) Orc:2        Vaults (5/5) D:13
  Crypt (3/3) Vaults:3       Tomb (0/3) Crypt:3      Depths (5/5) D:15
   Hell (visited)             Zot (0/5) Depths:5     Bailey (visited)
Volcano (visited)          WizLab (visited)         Gauntlet (visited)
    Dis: Hell:1         Geh: Hell:1         Coc: Hell:1         Tar: Hell:1

Altars:
Ashenzari
Cheibriados
Dithmenos
Elyvilon
Fedhas
Hepliaklqana
Kikubaaqudgha
Okawaru
Qazlal
Sif Muna
Uskayaw
Vehumet
Wu Jian
Xom
Yredelemnul
The Shining One
Beogh

Shops:
D:13 (   Orc:2 (=*[   Elf:1 :*?([   Shoals:4 (   Vaults:1 (%[   Vaults:2 [
Vaults:4 [}[[[   Depths:1 =*(?   Depths:2 }}=   Depths:5 *(*%

Portals:
Hell: Depths:1 Depths:2 Depths:4 Depths:5
Abyss: Depths:4
Pandemonium: Depths:1
Ziggurat: Depths:5
Trove: D:11 (give 12 potions of heal wounds)

Annotations:
D:2 exclusion: downstairs
D:4 1 runed translucent door, LaGuigne83's ghost, amateur HOFi
D:13 exclusion: downstairs
D:14 2 runed translucent doors
Lair:1 1 runed translucent door, exclusion: oklob plant, GordonOverkill's ghost, journeyman TeAs
Lair:2 3 runed translucent doors, Zapai's ghost, journeyman DgAr
Shoals:3 exclusion: downstairs
Snake:2 exclusion: downstairs
Snake:3 exclusion: downstairs
Orc:2 3 runed translucent doors, p0werm0de's ghost, journeyman DDFi
Depths:1 3 runed translucent doors, DevastatorOne's ghost, journeyman MiMo
Depths:3 1 runed translucent door
Hell Geryon


Innate Abilities, Weirdness & Mutations

You are too large for most types of armour.
You have claws for hands.
Your metabolism is lightning-fast.
You like to eat raw meat.
Your natural rate of healing is unusually fast.
You are covered in fur. (AC +1)
You have extremely tough skin. (AC +3)
You are clumsy. (Dex -2)


Message History

The torpor snail is moderately wounded.
The torpor snail changes into a mana viper!
You mangle the mana viper!!
The mana viper is severely wounded.
You feel yourself speed up.
You mangle the mana viper!!
You kill the mana viper!
Kikubaaqudgha accepts your kill.
You start resting.
The iron dragon is too close now for your liking.
Evoke which item? (* to show all) (? for menu, Esc to quit)
Aiming: Corrosive Bolt
Press: ? - help, Shift-Dir - straight line, f - iron dragon
Aim: an iron dragon The bolt of acid hits the iron dragon!
The iron dragon is splashed with acid.
The iron dragon is lightly wounded.
The iron dragon breathes metal splinters at you.
The spray of metal splinters hits you!!!
You die...
Kikubaaqudgha rasps: "You have failed me!
Welcome... death!"

.. .# .. . .. .. ..
.## # . #. .. C. .D
.## .# #.. #.#..# ..
#..##@#..# # #D.##..#
# #..##..# }(##....#
################....#
...........ยง........#
............((.((.(.#
#####################


You could see an iron dragon (catching breath).

Vanquished Creatures
  3 ancient liches (Crypt:3)
  A juggernaut (Depths:4)
  Sojobo (Depths:2)
  The ghost of SlowGraham the Acrobat, a legendary KoMo of Trog (Vaults:4)
  Bai Suzhen (Vaults:3)
  Saint Roka (Depths:4)
  Vashnia (Snake:4)
  Margery (Crypt:2)
  3 golden dragons
  Nikola (Vaults:3)
  the Enchantress (Depths:2)
  2 bone dragons
  A mutant beast (WizLab)
  Rupert (Lair:4)
  2 tentacled monstrosities
  3 liches
  3 deep elf blademasters
  A quicksilver dragon (Depths:2)
  2 titans (Vaults:4)
  2 deep elf master archers (Elf:3)
  The ghost of TheAlmogaver the Severer, an adept MiBe of Trog (Elf:2)
  Frances (Shoals:1)
  Kirke (Snake:2)
  2 revenants
  3 storm dragons
  5 shadow dragons
  8 tengu reavers
  7 frost giants
  2 fire giants
  13 nagarajas
  4 deep elf sorcerers
  A frost giant (shapeshifter) (Vaults:4)
  10 vault wardens
  A balrug (Depths:1)
  2 curse skulls
  4 orc warlords
  4 deep elf elementalists
  5 spriggan defenders
  20 very ugly things
  12 ironheart preservers
  A draconian annihilator (Depths:5)
  5 war gargoyles
  A juggernaut skeleton (Depths:1)
  14 stone giants
  7 vampire knights
  An entropy weaver (shapeshifter) (Vaults:4)
  8 deep elf demonologists
  2 green draconians (Depths:5)
  7 deep elf annihilators
  A purple draconian (Depths:5)
  A minotaur (Gauntlet)
  A red draconian (Depths:5)
  3 spark wasps (Depths:4)
  4 merfolk javelineers
  8 ettins
  4 eidola
  6 merfolk impalers
  11 deep elf death magi
  2 ice dragons
  8 yaktaur captains
  10 jiangshi
  A deep elf high priest (Elf:3)
  13 great orbs of eyes
  16 fire dragons
  17 vault guards
  A rakshasa (Vaults:1)
  Fannar (D:10)
  A hydra (shapeshifter) (Depths:4)
  4 hydras
  17 naga warriors
  2 merfolk avatars
  A quicksilver dragon skeleton (Crypt:3)
  16 centaur warriors
  8 spriggan air magi
  3 merfolk aquamancers
  12 anacondas
  5 death knights
  48 two-headed ogres
  An alligator snapping turtle (Shoals:1)
  13 ogre magi
  25 dancing weapons
  5 satyrs (Shoals:4)
  6 death yaks (Gauntlet)
  A death scarab (Gauntlet)
  17 deep troll shamans
  A titan zombie (Crypt:3)
  6 vampire magi
  7 orc high priests
  2 tengu warriors
  8 deep troll earth magi
  9 naga sharpshooters
  An iron golem (WizLab)
  11 shock serpents
  20 deep elf knights
  10 spriggan berserkers
  2 sun demons (Depths:1)
  A fire crab (shapeshifter) (WizLab)
  A death drake (shapeshifter) (Vaults:5)
  2 soul eaters
  A titan skeleton (Crypt:3)
  An anaconda zombie (Crypt:3)
  5 hell knights (Crypt:2)
  6 salamander mystics
  29 skeletal warriors
  8 iron trolls
  3 shadow wraiths
  5 wizards
  A glowing orange brain (shapeshifter) (WizLab)
  16 ironbrand convokers
  11 sea snakes
  5 flayed ghosts
  An orange crystal statue (Depths:1)
  40 deep trolls
  An unseen horror (D:15)
  2 glowing orange brains
  17 deep elf archers
  6 phantasmal warriors
  3 naga ritualists
  2 lindwurms (Depths:5)
  3 necromancers
  4 wolf spider zombies
  10 orc knights
  18 salamanders
  A frost giant zombie (Depths:1)
  74 deep elf magi
  A sphinx zombie (Crypt:1)
  69 ugly things
  6 wolf spiders
  2 iron dragon zombies
  A fire giant zombie (Crypt:2)
  3 harpies (shapeshifter) (WizLab)
  A harpy (Shoals:3)
  3 mana vipers
  4 orc sorcerers
  25 fauns
  A faun (shapeshifter) (WizLab)
  2 mana vipers (shapeshifter)
  17 manticores
  2 salamanders (shapeshifter) (WizLab)
  11 cyclopes
  Maurice (D:9)
  8 merfolk sirens
  A moth of wrath (shapeshifter) (D:10)
  4 elephants (Lair:6)
  3 centaur zombies (D:13)
  11 fire giant skeletons (Crypt:3)
  25 black mambas
  A dire elephant zombie (Crypt:3)
  15 guardian serpents
  3 black mambas (shapeshifter) (WizLab)
  A guardian serpent (shapeshifter) (D:13)
  7 vault sentinels
  A torpor snail (Gauntlet)
  11 naga magi
  6 water nymphs
  A stone giant skeleton (Crypt:2)
  2 human skeletons
  25 spiny frogs
  2 centaur skeletons
  5 gargoyles
  A spiny frog (shapeshifter) (WizLab)
  2 minotaur zombies (Gauntlet)
  A shock serpent skeleton (Crypt:3)
  A spriggan zombie (Depths:1)
  A yaktaur (shapeshifter) (WizLab)
  35 yaktaurs
  3 kobold demonologists (D:14)
  A rime drake (Lair:2)
  12 komodo dragons
  A pale draconian zombie (Crypt:1)
  An efreet (D:14)
  A hellwing (Depths:2)
  3 rime drakes (shapeshifter)
  10 freezing wraiths
  2 komodo dragons (shapeshifter)
  A purple draconian skeleton (Crypt:1)
  A troll (shapeshifter) (Depths:1)
  2 hydra zombies (Crypt:3)
  2 tengu conjurers
  10 trolls
  3 harpy zombies (Shoals:4)
  6 hornets
  2 queen bees
  3 wind drakes (shapeshifter)
  A polar bear (Lair:5)
  A minotaur skeleton (Crypt:3)
  2 jumping spiders (shapeshifter) (WizLab)
  22 merfolk
  A meliai (shapeshifter) (WizLab)
  5 tyrant leeches (Lair:6)
  A hornet (shapeshifter) (Depths:5)
  A polar bear (shapeshifter) (Vaults:2)
  A queen bee (shapeshifter) (WizLab)
  5 wind drakes
  29 slime creatures
  17 dream sheep
  7 hippogriffs
  25 blink frogs
  A stone giant simulacrum (Vaults:3)
  10 snapping turtles
  An iron dragon simulacrum (Crypt:2)
  A fire giant simulacrum (Vaults:3)
  12 large abominations
  An ettin zombie (Vaults:1)
  A hippogriff (shapeshifter) (Depths:1)
  A spriggan (shapeshifter) (WizLab)
  An air elemental (Elf:2)
  3 wyverns
  23 water elementals
  6 spriggans
  6 fire dragon skeletons (Crypt:3)
  4 vampires
  Eustachio (D:5)
  6 basilisks
  10 shadows
  A basilisk (shapeshifter) (WizLab)
  11 wraiths
  2 hogs (shapeshifter) (WizLab)
  2 fire elementals
  14 yaks
  A human (D:7)
  A spectral komodo dragon (Gauntlet)
  10 hogs
  A golden eye (shapeshifter) (Elf:2)
  6 vampire mosquitoes (Lair:6)
  5 hungry ghosts
  69 nagas
  4 wargs
  4 acid dragons
  22 water moccasins
  2 hell hounds (Depths:2)
  A spiny frog zombie (Crypt:3)
  Duvessa (D:5)
  5 floating eyes
  10 porcupines
  A hornet zombie (D:5)
  45 orc warriors
  3 ice beasts
  3 sky beasts
  A snapping turtle zombie (Crypt:3)
  2 black bears
  A swamp dragon zombie (Crypt:2)
  An ogre (shapeshifter) (Depths:1)
  An eye of draining (D:9)
  34 ogres
  5 boggarts
  18 centaurs
  A manticore skeleton (Crypt:1)
  A phantom (D:9)
  A blink frog skeleton (Crypt:2)
  5 big kobolds
  8 crocodiles
  2 hippogriff zombies (Shoals:4)
  2 snapping turtle skeletons (Crypt:3)
  An elephant skeleton (Crypt:2)
  A human zombie (Vaults:1)
  28 bullfrogs
  An elf skeleton (Crypt:2)
  13 small abominations
  5 earth elementals
  A draconian skeleton (Crypt:2)
  Dowan (D:5)
  A shapeshifter zombie (Crypt:1)
  A wyvern skeleton (D:10)
  4 scorpions
  51 killer bees
  17 wights
  2 electric eels
  3 howler monkeys
  A yak skeleton (Crypt:1)
  13 crimson imps
  A bullfrog zombie (D:11)
  5 hounds
  A wyvern simulacrum (D:14)
  3 human simulacra
  3 jellies
  11 orc priests
  21 orc wizards
  3 bullfrog skeletons
  8 worker ants
  4 iguanas
  2 killer bee zombies
  2 hound zombies
  2 hound skeletons
  A howler monkey zombie (D:5)
  A worker ant zombie (D:9)
  3 gnolls (D:4)
  13 adders
  3 shadow imps
  2 oozes
  An ooze (shapeshifter) (WizLab)
  An adder skeleton (D:5)
  4 worms
  A dart slug (D:5)
  5 leopard geckos
  73 orcs
  A bat zombie (Shoals:4)
  7 giant cockroaches
  8 goblins
  8 hobgoblins
  20 jackals
  22 kobolds
  3 quokkas
  6 ball pythons
  8 bats
  5 frilled lizards
  A frilled lizard zombie (Crypt:1)
  3 quokka skeletons
  10 rats
  3 crawling corpses (Elf:3)
  A fungus (Orc:2)
  A plant (Lair:6)
2155 creatures vanquished.

Vanquished Creatures (collateral kills)
  Mara (Shoals:3)
  A two-headed ogre (Vaults:5)
  A snapping turtle (Shoals:3)
3 creatures vanquished.

Vanquished Creatures (others)
  A glowing orange brain (Vaults:1)
  2 unseen horrors
  A porcupine (shapeshifter) (Vaults:5)
  A crimson imp (D:8)
  An orc wizard (Orc:1)
  An orc (Vaults:1)
  33 fungi
  94 plants
  2 withered plants (Crypt:3)
136 creatures vanquished.

Grand Total: 2294 creatures vanquished

Notes
Turn   | Place    | Note
-------+----------+-------------------------------------------
     0 | D:1      | grindst0ne the Troll Assassin began the quest for the Orb.
     0 | D:1      | Reached XP level 1. HP: 19/19 MP: 0/0
    74 | D:1      | Reached skill level 1 in Unarmed Combat
   100 | D:1      | Reached XP level 2. HP: 22/28 MP: 1/1
   261 | D:1      | Reached skill level 2 in Unarmed Combat
   348 | D:1      | Reached XP level 3. HP: 33/35 MP: 2/2
   965 | D:2      | Found a white marble altar of Elyvilon.
  1294 | D:2      | Found a basalt altar of Yredelemnul.
  1439 | D:3      | Reached skill level 3 in Unarmed Combat
  1439 | D:3      | Reached XP level 4. HP: 33/44 MP: 3/3
  1725 | D:3      | Reached XP level 5. HP: 48/50 MP: 4/4
  1781 | D:3      | Reached skill level 4 in Unarmed Combat
  1943 | D:3      | Found a stormy altar of Qazlal.
  1943 | D:3      | Found a glowing golden altar of the Shining One.
  1945 | D:3      | Found an ancient bone altar of Kikubaaqudgha.
  2010 | D:3      | Became a worshipper of Kikubaaqudgha
  2353 | D:4      | HP: 1/53 [gnoll/+0 halberd (7)]
  2627 | D:4      | Found a stormy altar of Qazlal.
  2684 | D:4      | Reached XP level 6. HP: 53/61 MP: 5/5
  2883 | D:4      | Found a runed translucent door.
  2892 | D:4      | Noticed LaGuigne83's ghost (amateur HOFi)
  2985 | D:4      | Got a fine diamond amulet
  3123 | D:4      | Reached skill level 5 in Unarmed Combat
  3392 | D:5      | Entered Level 5 of the Dungeon
  3533 | D:5      | Found a blossoming altar of Fedhas.
  3567 | D:5      | Noticed Eustachio
  3568 | D:5      | Found an iron altar of Okawaru.
  3584 | D:5      | Killed Eustachio
  3584 | D:5      | Reached skill level 6 in Unarmed Combat
  3584 | D:5      | Reached XP level 7. HP: 51/68 MP: 6/6
  3858 | D:5      | Noticed Duvessa
  3859 | D:5      | Noticed Dowan
  3866 | D:5      | Killed Duvessa
  3869 | D:5      | Killed Dowan
  3869 | D:5      | Reached skill level 7 in Unarmed Combat
  4220 | D:5      | Found an ornate altar of the Wu Jian Council.
  4442 | D:5      | Reached * piety under Kikubaaqudgha
  4442 | D:5      | Identified Kikubaaqudgha's Grimoire of Stolen Souls
                  | (Kikubaaqudgha gifted it to you on level 5 of the Dungeon)
  4442 | D:5      | Received a gift from Kikubaaqudgha
  4647 | D:5      | Learned a level 2 spell: Corpse Rot
  4822 | D:6      | Reached XP level 8. HP: 77/79 MP: 7/7
  4886 | D:6      | Found a staircase to the Ecumenical Temple.
  5198 | D:6      | Reached skill level 8 in Unarmed Combat
  5532 | D:7      | Found a flagged portal.
  5597 | D:7      | Reached skill level 5 in Fighting
  5597 | D:7      | Reached skill level 1 in Evocations
  5626 | Bailey   | Entered a bailey
  5626 | Bailey   | Noticed an orc knight
  5632 | Bailey   | Identified the amulet of Circularity {Spirit *Contam rPois
                  | MR+ Str+2} (You found it on level 4 of the Dungeon)
  5640 | Bailey   | HP: 4/80 [orc knight/+0 glaive (17)]
  5820 | D:7      | Reached ** piety under Kikubaaqudgha
  6026 | D:7      | Reached skill level 1 in Dodging
  6097 | D:7      | Reached skill level 9 in Unarmed Combat
  6287 | D:7      | Reached skill level 1 in Necromancy
  6287 | D:7      | Reached XP level 9. HP: 79/88 MP: 9/9
  6557 | D:8      | Found a shimmering blue altar of Sif Muna.
  6782 | D:8      | Reached skill level 10 in Unarmed Combat
  7269 | D:9      | Noticed a two-headed ogre
  7281 | D:9      | HP: 3/89 [two-headed ogre/+0 giant club (29)]
  7423 | D:8      | Killed a two-headed ogre
  7423 | D:8      | Reached XP level 10. HP: 98/98 MP: 11/11
  7455 | D:9      | Reached *** piety under Kikubaaqudgha
  7455 | D:9      | Identified Kikubaaqudgha's Compendium of Stolen Souls
                  | (Kikubaaqudgha gifted it to you on level 9 of the Dungeon)
  7455 | D:9      | Received a gift from Kikubaaqudgha
  7485 | D:9      | Learned a level 4 spell: Dispel Undead
  7726 | D:9      | Found a shattered altar of Ashenzari.
  8016 | D:9      | Found a hazy altar of Hepliaklqana.
  8019 | D:9      | Found a hide-covered altar of Uskayaw.
  8022 | D:9      | Found a snail-covered altar of Cheibriados.
  8188 | D:9      | Noticed Maurice
  8849 | D:9      | Killed Maurice
  8933 | D:10     | Entered Level 10 of the Dungeon
  8993 | D:10     | Noticed a two-headed ogre
  9005 | D:10     | Killed a two-headed ogre
  9005 | D:10     | Reached skill level 11 in Unarmed Combat
  9059 | D:10     | Noticed a cyclops
  9068 | D:10     | Killed a cyclops
  9095 | D:10     | Noticed a centaur warrior
  9096 | D:10     | Noticed a centaur warrior
  9115 | D:10     | Found a staircase to the Lair.
  9296 | D:10     | Killed a centaur warrior
  9462 | D:10     | Reached XP level 11. HP: 109/109 MP: 12/12
  9571 | D:10     | Reached **** piety under Kikubaaqudgha
  9804 | D:10     | Killed a centaur warrior
  9919 | D:10     | Noticed an ogre mage
  9919 | D:10     | Noticed an orc high priest
  9921 | D:10     | Noticed a wolf spider
  9923 | D:10     | Reached skill level 5 in Dodging
  9923 | D:10     | Reached skill level 12 in Unarmed Combat
  9926 | D:10     | Killed a wolf spider
  9926 | D:10     | Reached skill level 5 in Necromancy
  9929 | D:10     | Killed an orc high priest
  9935 | D:10     | Killed an ogre mage
 10042 | D:10     | Got a transparent lapis lazuli ring
 10044 | D:10     | Identified the ring "Yngext" {rElec rN+ Str+4 Dex-2 SInv}
                  | (You found it on level 10 of the Dungeon)
 10307 | D:10     | Found a shimmering blue altar of Sif Muna.
 10415 | Lair:1   | Entered Level 1 of the Lair of Beasts
 10428 | Lair:1   | Noticed GordonOverkill's ghost (journeyman TeAs)
 10478 | Lair:1   | Found a runed translucent door.
 11315 | Lair:1   | Noticed an oklob plant
 12065 | Lair:2   | Reached skill level 13 in Unarmed Combat
 12065 | Lair:2   | Reached XP level 12. HP: 82/119 MP: 8/13
 12317 | Lair:2   | Found a runed translucent gate.
 12317 | Lair:2   | Found a runed translucent gate.
 12319 | Lair:2   | Found a runed translucent gate.
 12319 | Lair:2   | Noticed Zapai's ghost (journeyman DgAr)
 13013 | Lair:3   | Noticed a seven-headed hydra
 13020 | Lair:3   | Killed a seven-headed hydra
 13336 | Lair:3   | Found a staircase to the Snake Pit.
 13535 | Lair:3   | Reached ***** piety under Kikubaaqudgha
 13994 | Lair:4   | Found a dark tunnel.
 14004 | Volcano  | Entered a volcano
 14720 | Lair:4   | Reached skill level 14 in Unarmed Combat
 14912 | Lair:4   | Found a staircase to the Shoals.
 15061 | Lair:4   | Noticed a seven-headed hydra
 15067 | Lair:4   | Killed a seven-headed hydra
 15067 | Lair:4   | Noticed Rupert
 15073 | Lair:4   | Paralysed by Rupert for 6 turns
 15586 | Lair:5   | Reached XP level 13. HP: 110/131 MP: 11/14
 16236 | Lair:6   | Entered Level 6 of the Lair of Beasts
 17029 | Lair:6   | Found a staircase to the Slime Pits.
 17414 | Lair:6   | Reached skill level 15 in Unarmed Combat
 18642 | Lair:6   | Identified a scroll of acquirement
 18840 | D:11     | Noticed Fannar
 18886 | D:10     | Killed Fannar
 19238 | D:11     | Reached skill level 10 in Fighting
 19974 | D:11     | Found a portal to a secret trove of treasure.
 20079 | D:12     | Reached ****** piety under Kikubaaqudgha
 20085 | D:12     | Reached XP level 14. HP: 97/143 MP: 9/15
 20152 | D:12     | Reached skill level 1 in Shields
 20704 | D:12     | Found a staircase to the Orcish Mines.
 20835 | D:13     | Found Yfiynwet's Antique Weapon Shop.
 21579 | D:13     | Found a gate to the Vaults.
 22542 | D:14     | Reached skill level 16 in Unarmed Combat
 22602 | D:14     | Found a runed translucent door.
 22605 | D:14     | Found a blossoming altar of Fedhas.
 22614 | D:14     | Found a runed translucent door.
 22886 | D:14     | Found the +3 sling "Punk" {acid, rCorr}
 22910 | D:14     | Identified the Incunabulum of Transformation and the
                  | Arsonist
 23498 | D:14     | Found a shadowy altar of Dithmenos.
 23825 | D:15     | Entered Level 15 of the Dungeon
 23857 | D:15     | Reached skill level 5 in Shields
 24034 | D:15     | Reached XP level 15. HP: 154/154 MP: 16/16
 24455 | D:15     | Found a staircase to the Depths.
 24809 | Orc:1    | Entered Level 1 of the Orcish Mines
 25046 | Orc:1    | Found a roughly hewn altar of Beogh.
 25373 | Orc:2    | Entered Level 2 of the Orcish Mines
 25373 | Orc:2    | Found Cikiab's Jewellery Shoppe.
 25391 | Orc:2    | Noticed an orc warlord
 25516 | Orc:2    | Found a roughly hewn altar of Beogh.
 25556 | Orc:2    | Found Zorakkiple's Antique Armour Emporium.
 25593 | Orc:2    | Found a gate leading to a gauntlet.
 25602 | Gauntlet | Entered a Gauntlet
 25602 | Gauntlet | Found a transporter.
 25725 | Gauntlet | Found a transporter.
 25741 | Gauntlet | Found a transporter.
 25746 | Gauntlet | Found a transporter.
 25771 | Gauntlet | Found a transporter.
 25780 | Gauntlet | Found a transporter.
 25792 | Gauntlet | Found a transporter.
 25804 | Gauntlet | Found a transporter.
 25810 | Gauntlet | Found a transporter.
 25810 | Gauntlet | Found a transporter.
 25825 | Gauntlet | Found a transporter.
 25837 | Gauntlet | Found a transporter.
 25854 | Gauntlet | Found a transporter.
 25872 | Gauntlet | Found a transporter.
 25874 | Gauntlet | Found a transporter.
 25899 | Gauntlet | Found a transporter.
 25903 | Gauntlet | Found a transporter.
 25937 | Gauntlet | Found a transporter.
 26495 | Gauntlet | Got a pitted ivory ring
 26497 | Gauntlet | Identified the ring "Rohu" {rPois rF+ Dex+3} (You found it
                  | in a Gauntlet)
 26635 | Gauntlet | Received a gift from Kikubaaqudgha
 26648 | Gauntlet | Learned a level 8 spell: Necromutation
 26685 | Gauntlet | Found the +3 giant club "Skullcrusher" {speed, Str+7}
 26740 | Orc:2    | Noticed an orc warlord
 26754 | Orc:2    | Killed an orc warlord
 26890 | Orc:2    | Found Japol's General Store.
 26911 | Orc:2    | Noticed an orc warlord
 26943 | Orc:2    | Killed an orc warlord
 27146 | Orc:2    | Reached skill level 17 in Unarmed Combat
 27311 | Orc:2    | Killed an orc warlord
 27639 | Orc:2    | Found a staircase to the Elven Halls.
 27832 | Orc:2    | Found Dorisk's Antique Weapon Emporium.
 27862 | Orc:2    | Found a runed translucent gate.
 27862 | Orc:2    | Noticed p0werm0de's ghost (journeyman DDFi)
 27901 | Orc:2    | Identified the +11 dire flail "Kuel" {vorpal, rN+ MR+
                  | Str-5}
 27901 | Orc:2    | Identified the +7 chain mail of Subjectivity {rF+}
 27902 | Orc:2    | Found a runed translucent gate.
 27903 | Orc:2    | Found a roughly hewn altar of Beogh.
 27903 | Orc:2    | Found a runed translucent gate.
 28182 | Snake:1  | Entered Level 1 of the Snake Pit
 28810 | Snake:1  | You fall into a shaft and drop 1 floor!
 28836 | Snake:2  | Noticed Kirke
 29251 | Snake:2  | Reached XP level 16. HP: 100/165 MP: 9/17
 29652 | Snake:2  | Reached skill level 10 in Dodging
 29841 | Snake:2  | Killed Kirke
 29945 | Snake:2  | Reached skill level 10 in Necromancy
 31404 | Snake:3  | Reached skill level 1 in Armour
 31717 | Snake:4  | Entered Level 4 of the Snake Pit
 33279 | Snake:4  | Identified the cursed +2 morningstar "Araxyo Caenn"
                  | {vorpal, rC+ Str-2 Int+7}
 33304 | Snake:4  | HP: 8/167 [salamander mystic/+0 scimitar (5)]
 33307 | Snake:4  | HP: 3/167 [nagaraja/+0 halberd (25)]
 33769 | Snake:4  | Noticed Vashnia
 34031 | Snake:3  | Reached skill level 18 in Unarmed Combat
 34227 | Snake:4  | Killed Vashnia
 34235 | Snake:4  | Reached XP level 17. HP: 144/176 MP: 15/18
 34741 | Snake:4  | Reached skill level 1 in Spellcasting
 35443 | Snake:4  | Got a serpentine rune of Zot
 36036 | Lair:4   | Killed Rupert
 36096 | Shoals:1 | Entered Level 1 of the Shoals
 36483 | Shoals:1 | Reached skill level 5 in Armour
 36560 | Shoals:1 | Noticed Frances
 36617 | Shoals:1 | Killed Frances
 37437 | Shoals:2 | Reached skill level 10 in Shields
 38192 | Shoals:2 | Learned a level 3 spell: Vampiric Draining
 38732 | Shoals:3 | Noticed Mara
 38739 | Shoals:3 | Noticed grindst0ne's illusion
 38750 | Shoals:3 | Identified the +1 robe of Lysely {Harm rPois Stlth-}
 39538 | Shoals:3 | Reached XP level 18. HP: 188/188 MP: 20/20
 39568 | Shoals:3 | Killed Mara
 39631 | Shoals:4 | Entered Level 4 of the Shoals
 40389 | Shoals:4 | Got a barnacled rune of Zot
 40576 | Shoals:4 | Learned a level 2 spell: Song of Slaying
 40772 | Shoals:4 | Found Amumyzon's Weapon Shop.
 41154 | Shoals:4 | Reached skill level 19 in Unarmed Combat
 41744 | Vaults:1 | Entered Level 1 of the Vaults
 41930 | Vaults:1 | Found Guwael's Antique Armour Shoppe.
 43387 | Vaults:1 | Found Naezxupu's Weapon Shoppe.
 43534 | Vaults:1 | Reached XP level 19. HP: 187/198 MP: 20/23
 43855 | Vaults:1 | Found Ziagepsa's Food Shop.
 44417 | Vaults:1 | Learned a level 2 spell: Blink
 44955 | Vaults:2 | Found Rasosuh's Armour Emporium.
 46115 | Vaults:3 | Noticed Nikola
 46219 | Vaults:3 | Killed Nikola
 46302 | Vaults:3 | Found a staircase to the Crypt.
 46968 | Vaults:3 | Noticed Bai Suzhen
 47549 | Vaults:3 | Reached XP level 20. HP: 197/208 MP: 22/25
 47724 | Vaults:3 | Reached skill level 20 in Unarmed Combat
 47987 | Vaults:3 | Killed Bai Suzhen
 48149 | Vaults:4 | Found Matuinaf's Armour Boutique.
 48152 | Vaults:4 | Found Poaghigi's Armour Boutique.
 48160 | Vaults:4 | Bought a +1 cloak of magic resistance for 247 gold pieces
 48193 | Vaults:4 | Found a runed translucent door.
 48193 | Vaults:4 | Found a shimmering altar of Xom.
 48193 | Vaults:4 | Noticed SlowGraham's ghost (legendary KoMo)
 48445 | Vaults:4 | Found Imeozios's Antique Armour Boutique.
 48452 | Vaults:4 | Bought an embroidered scarf for 216 gold pieces
 48514 | Vaults:4 | Found a magical portal.
 48523 | WizLab   | Entered Cigotuvi's Fleshworks
 48809 | WizLab   | Reached skill level 10 in Armour
 48843 | WizLab   | Got a steaming platinum ring
 48854 | WizLab   | Identified the ring of Doehucs {rElec rCorr Str+4} (You
                  | found it in a wizard's laboratory)
 48869 | WizLab   | Paralysed by a floating eye for 3 turns
 48891 | WizLab   | Paralysed by a floating eye for 4 turns
 49047 | WizLab   | Identified Cigotuvi's Incunabulum of Dark Transmutation
 49052 | WizLab   | Identified the Almanac of Moulding
 49655 | Vaults:4 | Found Wiavug Byka's Gadget Shoppe.
 49751 | Vaults:4 | Bought a wand of clouds (4) for 552 gold pieces
 49977 | Vaults:4 | Found Ylieklun's Armour Shoppe.
 51098 | Depths:1 | Entered Level 1 of the Depths
 51129 | Depths:1 | Reached skill level 15 in Fighting
 51574 | Depths:1 | Found a one-way gate leading to the halls of Pandemonium.
 52020 | Depths:1 | Found Boosk's Magic Scroll Emporium.
 52020 | Depths:1 | Found Caellup's Jewellery Shoppe.
 52021 | Depths:1 | Found Macwogh's Antique Weapon Emporium.
 52023 | Depths:1 | Found Geomp's Assorted Antiques.
 52034 | Depths:1 | Bought a scroll of teleportation for 60 gold pieces
 52037 | Depths:1 | Bought a scroll of enchant armour for 135 gold pieces
 52037 | Depths:1 | Bought a scroll of teleportation for 54 gold pieces
 52037 | Depths:1 | Bought a scroll of teleportation for 54 gold pieces
 52043 | Depths:1 | Bought the ring "Yqaff" {+Fly rElec rN+ Dex-2} for 638 gold
                  | pieces
 52051 | Depths:1 | Bought the ring of Adehuedi {rC+ Dex+4 SInv} for 748 gold
                  | pieces
 52242 | Depths:1 | Reached XP level 21. HP: 218/218 MP: 26/26
 52259 | Depths:1 | Found a runed translucent gate.
 52260 | Depths:1 | Found a runed translucent gate.
 52261 | Depths:1 | Found a runed translucent gate.
 52261 | Depths:1 | Noticed DevastatorOne's ghost (journeyman MiMo)
 52262 | Depths:1 | Identified the +4 hand axe of Dullness {antimagic, rF+
                  | Str+3 Dex+3}
 53071 | Depths:1 | Found a gateway to Hell.
 53225 | Depths:1 | Identified the Reference Book on Displacement
 53730 | Depths:2 | Noticed the Enchantress
 53748 | Depths:2 | Killed the Enchantress
 53961 | Depths:2 | Paralysed by a vampire knight for 2 turns
 54341 | Depths:2 | Found Boilla's Jewellery Boutique.
 54342 | Depths:2 | Found Kazum's Gadget Emporium.
 54342 | Depths:2 | Found Ycoiluomo's Gadget Emporium.
 54352 | Depths:2 | Bought a tin of tremorstones (3/3) for 600 gold pieces
 54352 | Depths:2 | Bought a wand of clouds (7) for 495 gold pieces
 54352 | Depths:2 | Bought a wand of clouds (3) for 315 gold pieces
 54374 | Depths:2 | Noticed a golden dragon
 54386 | Depths:2 | Killed a golden dragon
 54386 | Depths:2 | Reached skill level 21 in Unarmed Combat
 54820 | Depths:2 | Noticed Sojobo
 54893 | Depths:2 | Killed Sojobo
 56157 | Depths:3 | Noticed a caustic shrike
 56186 | Depths:3 | Found a runed translucent door.
 56696 | Depths:3 | Reached XP level 22. HP: 228/228 MP: 27/27
 57006 | Depths:3 | Noticed a golden dragon
 57256 | Depths:3 | Reached skill level 1 in Charms
 57861 | Depths:4 | Paralysed by a floating eye for 4 turns
 58184 | Depths:4 | Noticed Saint Roka
 58251 | Depths:4 | Found a one-way gate to the infinite horrors of the Abyss.
 58312 | Depths:4 | Found the +8 Wrath of Trog {antimagic, *Rage}
 58377 | Depths:4 | Killed Saint Roka
 58666 | Depths:4 | Noticed a juggernaut
 58683 | Depths:4 | Killed a juggernaut
 59447 | Depths:5 | Entered Level 5 of the Depths
 59461 | Depths:5 | Found Amuys's Weapon Shoppe.
 59599 | Depths:5 | Found Ehor's Assorted Antiques.
 59610 | Depths:5 | Found Oliwkussae's Food Shoppe.
 59616 | Depths:5 | Bought a scroll of teleportation for 75 gold pieces
 59616 | Depths:5 | Bought a scroll of fog for 50 gold pieces
 59625 | Depths:5 | Noticed a golden dragon
 59631 | Depths:5 | Killed a golden dragon
 59696 | Depths:5 | Found a gate to the Realm of Zot.
 59971 | Depths:5 | Noticed a golden dragon
 59976 | Depths:5 | Paralysed by a great orb of eyes for 5 turns
 59988 | Depths:5 | Killed a golden dragon
 60364 | Depths:5 | Reached skill level 5 in Evocations
 60409 | Depths:5 | Reached XP level 23. HP: 132/237 MP: 17/28
 61368 | Depths:5 | Found Gum Otil's Assorted Antiques.
 61415 | Depths:5 | Reached skill level 15 in Shields
 61520 | Depths:5 | Found a gateway to a ziggurat.
 61882 | Elf:1    | Entered Level 1 of the Elven Halls
 61914 | Elf:1    | Reached skill level 22 in Unarmed Combat
 62058 | Elf:1    | Found Xeocetty's Book Emporium.
 62078 | Elf:1    | Found Icoegizu's Assorted Antiques.
 62366 | Elf:1    | Found Zokaecob's Magic Scroll Emporium.
 62374 | Elf:1    | Bought a scroll of magic mapping for 35 gold pieces
 62374 | Elf:1    | Bought a scroll of teleportation for 30 gold pieces
 62374 | Elf:1    | Bought a scroll of fear for 35 gold pieces
 62374 | Elf:1    | Bought a scroll of teleportation for 30 gold pieces
 62374 | Elf:1    | Bought a scroll of teleportation for 30 gold pieces
 62374 | Elf:1    | Bought a scroll of fear for 35 gold pieces
 62450 | Elf:1    | Found a radiant altar of Vehumet.
 62638 | Elf:1    | Found Kiynig's Antique Armour Boutique.
 62650 | Elf:1    | Found Mepocot's Antique Weapon Shop.
 63213 | Elf:2    | Found a flickering gateway to a bazaar.
 63249 | Bazaar   | Entered a bazaar
 63249 | Bazaar   | Found Kuamm's Weapon Boutique.
 63249 | Bazaar   | Found Jyenes's Weapon Shop.
 63249 | Bazaar   | Found Hykum's Antique Armour Shop.
 63463 | Elf:2    | Found a runed translucent gate.
 63480 | Elf:2    | Learned a level 1 spell: Animate Skeleton
 63498 | Elf:2    | Found a runed translucent gate.
 63498 | Elf:2    | Found a runed translucent gate.
 63921 | Elf:2    | Found a runed translucent door.
 63921 | Elf:2    | Noticed TheAlmogaver's ghost (adept MiBe)
 63942 | Elf:2    | Killed TheAlmogaver's ghost
 63964 | Elf:2    | Got a glittering emerald amulet
 63965 | Elf:2    | Identified the amulet of the Middle {Reflect rElec rF-
                  | rN+++ Str-2 SH+5} (You found it on level 2 of the Elven
                  | Halls)
 64574 | Elf:3    | Entered Level 3 of the Elven Halls
 65810 | Elf:3    | Identified the +6 flail "Xeitije" {elec, Int+3}
 65819 | Elf:3    | Reached XP level 24. HP: 248/248 MP: 28/28
 65951 | Elf:3    | Identified the Almanac of the Unstable Voyage
 65957 | Elf:3    | Identified the +1 cloak "Rales" {rF++} (You found it on
                  | level 3 of the Elven Halls)
 65961 | Elf:3    | Identified Elyshunku's Intricacies of Spellcasting
 66607 | Hell     | Entered the Vestibule of Hell
 66607 | Hell     | Noticed Geryon
 66884 | Crypt:1  | Entered Level 1 of the Crypt
 67849 | Crypt:2  | Reached skill level 23 in Unarmed Combat
 67904 | Crypt:2  | Noticed Margery
 67915 | Crypt:2  | Killed Margery
 68513 | Crypt:3  | Entered Level 3 of the Crypt
 68910 | Crypt:3  | Reached skill level 15 in Armour
 69072 | Crypt:3  | Identified the ring of Xias {+Inv rPois rF- rN+ Slay+2}
                  | (You found it on level 3 of the Crypt)
 69073 | Crypt:3  | Got a sparkling brass ring
 69075 | Crypt:3  | Identified the ring of Nyalolan {rF+ rN+ MR+} (You found it
                  | on level 3 of the Crypt)
 69237 | Crypt:3  | Found a staircase to the Tomb.
 69854 | Crypt:3  | Noticed an ancient lich
 69874 | Crypt:3  | Killed an ancient lich
 70177 | Crypt:3  | Found an ancient bone altar of Kikubaaqudgha.
 70196 | Crypt:3  | Noticed an ancient lich
 70206 | Crypt:3  | Killed an ancient lich
 70268 | Crypt:3  | Noticed an ancient lich
 70279 | Crypt:3  | Killed an ancient lich
 70828 | Vaults:4 | Killed SlowGraham's ghost
 70927 | Vaults:5 | Entered Level 5 of the Vaults
 70933 | Vaults:5 | Gained mutation: You are clumsy. (Dex -2) [a shining eye]
 70959 | Vaults:5 | Reached skill level 1 in Transmutations
 71030 | Vaults:5 | HP: 5/248 [stone giant/large rock (26)]
 71121 | Vaults:5 | HP: 10/248 [shadow dragon/bolt of negative energy (5)]
 71395 | Vaults:4 | Learned a level 6 spell: Death Channel
 71429 | Vaults:4 | Reached XP level 25. HP: 252/256 MP: 25/28
 71608 | Vaults:5 | Identified the +11 rapier of Yrec Bae {vorpal, rC+}
 72310 | Vaults:4 | Reached skill level 24 in Unarmed Combat
 72552 | Vaults:5 | Reached skill level 15 in Necromancy
 72591 | Vaults:5 | HP: 9/256 [titan/bolt of lightning (11)]
 72623 | Vaults:5 | Killed from afar by an iron dragon

Illustrated notes

Levels and vault maps discovered:
D:1:      ebering_hopf_link, layout_rooms, kennysheep_minor_cross
D:2:      layout_basic, kennysheep_ying_yang
D:3:      layout_rooms, minitemple, hangedman_decor_peaks_small
D:4:      layout_loops_corners, ebering_ghost_reflecting_pool, first_ration,
          hangedman_abyss_or_decor_passed, nicolae_qazlal_general_emergency
D:5:      layout_basic, lemuel_round_altar, lemuel_crystal_altar,
          fedhas_altar_1, uniq_duvessa, uniq_eustachio
D:6:      layout_cave_pods, minmay_temple_entry_tees, serial_park_tiny_1
D:7:      layout_basic, enter_bailey_8, grunt_livestock
D:8:      layout_basic, kennysheep_mini
D:9:      layout_basic, grunt_temple_overflow_diamond, ashenzari_altar_1,
          uniq_maurice
D:10:     minmay_sliced_demisemicircle, layout_long_grid, lair_entry_dummy,
          led_sif_book
D:11:     layout_basic, enter_trove_0, uniq_fannar
D:12:     layout_loops_cross, orc_0_dummy, serial_bayou_lagoon_b
D:13:     layout_loops_ring, david_vaults_4, serial_shops, shop_coins,
          chequers_avenue
D:14:     minmay_the_grid_triangle_9x9_recursive_3_mashed
          [minmay_the_grid_triangle_9x9_shrine,
          minmay_the_grid_triangle_9x9_windchime,
          minmay_the_grid_triangle_9x9_steps,
          minmay_the_grid_triangle_9x9_prize_insulated,
          minmay_the_grid_triangle_9x9_impossible_snake,
          minmay_the_grid_triangle_9x9_tough_junction,
          minmay_the_grid_triangle_9x9_from_above,
          minmay_the_grid_triangle_9x9_thin_v,
          minmay_the_grid_triangle_9x9_corrupted_corridor], layout_long_grid,
          nicolae_dithmenos_shadow_blocks
D:15:     grunt_enter_depths_magical_seal, layout_cave_pools,
          corexii_corridor_pit
Lair:1:   layout_loops_ring, hellmonk_ghost_happy_afterlife,
          serial_bayou_shore_b, minmay_lair_oklob_chamber, serial_bayou_shore_b,
          lemuel_fruit_tree
Lair:2:   layout_roguey, ebering_ghost_rock_garden, st_stairs_6,
          beast_lair_carwin_10, infiniplex_staircase_pool
Lair:3:   layout_roguey [special_room_bee], guppyfry_snake_entry_island,
          serial_bayou_shore_b
Lair:4:   layout_long_grid, minmay_shoals_entry_lonely_mermaid,
          nicolae_volcano_entry_lava_flow, uniq_rupert
Lair:5:   layout_cave_pods
Lair:6:   minmay_lair_end_frog_pond, layout_concentric_octagons, slime_dummy,
          st_stairs_13, chequers_serial_rivers_micro_a, serial_bayou_shore_a
Shoals:1: nicolae_shoals_island_circles, layout_shoals, uniq_frances
Shoals:2: layout_shoals
Shoals:3: layout_shoals, uniq_mara
Shoals:4: shoals_end_grunt_garden, layout_shoals, serial_shops,
          nicolae_shop_stone, nicolae_shoals_undead_eyrie
Snake:1:  layout_grid_maze, uniq_azrael
Snake:2:  layout_misc_corridors, grunt_ministairs_2, uniq_kirke
Snake:3:  layout_cave_town, nicolae_snake_shapes
Snake:4:  johnstein_snake_rune_scales, layout_cave_town, serial_bayou_shore_b,
          grunt_megastairs_1
Orc:1:    layout_caves, nicolae_orc_lost_temple
Orc:2:    grunt_orc_gardens, layout_diamond_mine, grunt_orc_garden,
          grunt_orc_garden, grunt_orc_garden, grunt_orc_garden,
          gauntlet_entry_generic, biasface_ghost_orc_armoury, basic_altar
Elf:1:    eino_elf_arrival_shootout, layout_onion_city, serial_shops,
          shop_statue, shop_statue, shop, shop, nicolae_shop_trees,
          lemuel_statue_altar
Elf:2:    layout_geoelf_octagon, serial_shops, bzr_entry_lakeside,
          ebering_ghost_inner_flame
Elf:3:    elf_hall, layout_onion_city
Vaults:1: vaults_room_door_hall, v_rooms_5, v_misc_25, hangedman_vaults_maws,
          v_alt_pattern_4, ontoclasm_vaults_loading_screen,
          vaults_mumra_hexcomb, vaults_room_stairs_pillars,
          vaults_room_stairs_pillars, layout_vaults_ring, serial_shops, shop,
          shop, shop
Vaults:2: v_misc_22, v_misc_23, vaults_room_boxed,
          nicolae_vaults_mini_display_case, hangedman_vaults_stream, v_misc_27,
          dpeg_vaults_monster_box, ontoclasm_vaults_decontamination,
          layout_vaults_big_room, serial_shops, shop
Vaults:3: hangedman_vaults_trim, v_alt_pattern_2,
          minmay_crypt_entry_nasty_monster, v_misc_5, ontoclasm_vaults_gateway,
          v_misc_8, ontoclasm_vaults_claustrophobia, vaults_dpeg_hooks,
          layout_vaults_quadrants, uniq_bai_suzhen, uniq_nikola
Vaults:4: ebering_vaults_ghost_xom, hangedman_vaults_unwind,
          ontoclasm_vaults_idyll, hangedman_vaults_trim, vaults_mumra_hex,
          ontoclasm_vaults_misaligned, v_misc_11, v_misc_14,
          ontoclasm_vaults_bender, layout_vaults_big_cross, mu_enter_wizlab_6,
          serial_shops, nicolae_shop_behind_doors, shop, nicolae_shop_trees,
          shop, shop
Vaults:5: serial_shops
Crypt:1:  layout_regular_city
Crypt:2:  layout_rooms, uniq_margery
Crypt:3:  quadcrypt_mu
Depths:1: layout_basic, minmay_misc_feat_nine_boxes, lightli_too_deep,
          gammafunk_ghost_tricky_traps, pan_entry, minivault_16,
          grunt_ministairs_3, minmay_misc_feat_x, st_stairs_14, laboratory,
          minmay_shoptagon
Depths:2: minmay_outward_triangles, layout_basic, hellmouth_1,
          minmay_staircase_bubble, minmay_shop_grove, serial_bayou_shore_b,
          uniq_sojobo, uniq_enchantress
Depths:3: box_level_dp, hell_entry, pan_entry
Depths:4: kennysheep_water_balloons, layout_cave_pools, hell_entry,
          minmay_misc_feat_doors, abyss_entry,
          minmay_guarded_unrand_wrath_of_trog, uniq_saint_roka
Depths:5: evilmike_zot_entry_basic, layout_gridlike, enter_ziggurat_a,
          serial_shops, nicolae_shop_behind_doors,
          chequers_serial_rivers_room_b, hell_entry, minmay_serpent_palace,
          minmay_shop_star
Hell

Skill      XL: |  1  2  3  4  5  6  7  8  9 10 11 12 13 14 15 16 17 18 19 20 21 22 23 24 25 |
---------------+----------------------------------------------------------------------------+-----
Unarmed Combat | 1 2 3 4 6 7 9 10 11 13 14 15 16 17 18 19 20 21 22 23 24 | 24.1
Fighting       | 2 3 4 5 6 7 8 9 10 11 12 13 14 15 16 | 16.0
Evocations     | 2 3 5 |  5.0
Dodging        | 1 3 4 6 7 8 9 10 | 10.3
Necromancy     | 1 3 4 5 7 8 9 10 11 12 13 14 15 | 15.0
Shields        | 5 7 9 10 11 12 13 14 15 | 15.0
Armour         | 3 6 7 9 10 11 12 14 15 16 | 16.0
Spellcasting   | 2 3 4 |  4.5
Charms         | 2 3 |  3.0
Transmutations | 1 3 |  3.2
Short Blades   | |  1.5
Throwing       | |  1.7
Stealth        | |  2.1

Action                   |  1- 3 |  4- 6 |  7- 9 | 10-12 | 13-15 | 16-18 | 19-21 | 22-24 | 25-27 || total
-------------------------+-------+-------+-------+-------+-------+-------+-------+-------+-------++-------
Melee: Dagger            |   164 |   308 |       |       |       |       |       |       |       ||   472
       Punch             |     1 |     4 |    10 |    45 |    89 |       |       |       |       ||   149
       Unarmed           |       |    19 |       |       |  1335 |  1809 |  1885 |  2273 |   258 ||  7579
       Rapier            |       |       |   284 |   615 |    80 |       |       |       |       ||   979
Throw: Dart              |       |     7 |    15 |    19 |     2 |       |       |       |       ||    43
       Large rock        |       |       |       |       |    11 |     8 |     1 |    15 |       ||    35
 Cast: Dispel Undead     |       |       |       |       |     5 |       |       |       |       ||     5
       Song of Slaying   |       |       |       |       |       |       |     2 |       |       ||     2
Invok: Receive Necronomi |       |       |       |       |     1 |       |       |       |       ||     1
       Receive Corpses   |       |       |       |       |       |     4 |     2 |     2 |       ||     8
       Torment           |       |       |       |       |       |     4 |     2 |     1 |       ||     7
Evoke: Wand              |       |       |     6 |    59 |    40 |    73 |    27 |    16 |     1 ||   222
       Lightning rod     |       |       |       |     4 |       |     5 |     5 |     5 |       ||    19
       Box of beasts     |       |       |       |       |     1 |       |       |       |       ||     1
       Tin of tremorston |       |       |       |       |       |       |     3 |     7 |       ||    10
  Use: Potion            |       |     3 |     5 |     2 |    14 |     7 |     6 |    12 |     2 ||    51
       Scroll            |       |       |     9 |    11 |    15 |    19 |     9 |    27 |    13 ||   103
 Stab: Sleeping          |     5 |     2 |     6 |     8 |     5 |       |     1 |       |       ||    27
       Paralysed         |       |       |     3 |       |     7 |       |       |       |       ||    10
       Distracted        |       |       |     1 |       |     1 |       |     1 |       |       ||     3
       Confused          |       |       |       |       |       |       |     1 |       |       ||     1
       Invisible         |       |       |       |       |       |       |       |       |     1 ||     1
  Eat: Chunk             |    17 |    20 |    41 |    77 |   129 |   120 |   113 |    86 |    16 ||   619
       Ration            |       |       |       |       |     1 |     4 |     2 |    11 |       ||    18
Armor: Robe              |   112 |   216 |    99 |   188 |    71 |       |       |       |       ||   686
       Skin              |       |       |       |    13 |       |       |       |       |       ||    13
       Troll leather arm |       |       |       |       |    36 |       |       |       |       ||    36
       Fire dragon scale |       |       |       |       |   197 |   327 |   180 |       |       ||   704
       Acid dragon scale |       |       |       |       |       |       |    71 |    57 |       ||   128
       Gold dragon scale |       |       |       |       |       |       |       |   554 |   128 ||   682
Dodge: Dodged            |    99 |   203 |   171 |   475 |   767 |   714 |   364 |   322 |    60 ||  3175
       Repelled          |       |       |       |     2 |    38 |   125 |    41 |    11 |       ||   217
Block: Kite shield       |       |       |       |       |   145 |   335 |       |       |       ||   480
       Tower shield      |       |       |       |       |       |   883 |  1160 |  1605 |   290 ||  3938
